 Dungeon Crawl Stone Soup version 0.31-a0-489-g282fc92437 (webtiles) character file.

Game seed: 12226002226111353837

87 Ethylacetat the Slasher (level 4, 0/33 HPs)
             Began as an Octopode Cinder Acolyte on Aug 8, 2023.
             Was a High Priest of Ignis.
             Slain by a gnoll
             ... wielding a +0 flail
              (14 damage)
             ... on level 3 of the Dungeon.
             The game lasted 00:03:12 (2196 turns).

Ethylacetat the Slasher (Octopode Cinder Acolyte)   Turns: 2196, Time: 00:03:13

Health: 0/33       AC:  1    Str: 15    XL:     4   Next: 51%
Magic:  6/6        EV: 12    Int: 16    God:    Ignis [*****.]
Gold:   192        SH:  0    Dex:  7    Spells: 6/6 levels left

rFire   + . .        e - +2 dagger (drain)
rCold   + . .        (no shield)
rNeg    . . .        (helmet restricted)
rPois   .            (no amulet)
rElec   .            l - ring of protection from cold
rCorr   .            (no ring)
SInv    .            (no ring)
Will    .....        (no ring)
Stlth   ++           (no ring)
HPRegen 0.25/turn    (no ring)
MPRegen 0.10/turn    (no ring)
                     (no ring)

%: no passive effects
@: no status effects
A: almost no armour, amphibious, 8 rings, camouflage 1, gelatinous body 1,
(nimble swimmer 1), tentacles
a: Renounce Religion, Fiery Armour, Foxfire Swarm, Rising Flame


You were on level 3 of the Dungeon.
You worshipped Ignis.
Ignis was extremely pleased with you.
You visited 1 branch of the dungeon, and saw 3 of its levels.

You collected 192 gold pieces.

Inventory:

Hand Weapons
 e - a +2 dagger of draining (weapon)
 i - a +0 sling
Jewellery
 l - a ring of protection from cold (left tentacle)
Scrolls
 a - a scroll of enchant armour {unknown}
 b - 5 scrolls of identify {unknown}
 f - a scroll of enchant weapon {unknown}
 h - 3 scrolls of teleportation {unknown}
Potions
 c - a potion of ambrosia {unknown}
 d - 2 potions of curing {unknown}
 g - 2 potions of enlightenment {unknown}
 j - a potion of invisibility {unknown}
 k - a potion of might {unknown}


   Skills:
 + Level 3.9 Fighting
 + Level 3.9 Long Blades
 - Level 1.5 Spellcasting
 - Level 3.3 Fire Magic


You had 6 spell levels left.
You didn't know any spells.
Your spell library contained the following spells:

 Spells                   Type           Power      Damage    Failure   Level
 Scorch                   Fire           22%        2d5       9%          2
 Apportation              Tloc           2%         N/A       22%         1
 Freeze                   Ice            4%         1d3       22%         1
 Shock                    Conj/Air       4%         1d3       22%         1
 Slow                     Hex            4%         N/A       22%         1
 Confusing Touch          Hex            1%         N/A       54%         3
 Vampiric Draining        Necr           1%         2d6       54%         3


Dungeon Overview and Level Annotations

Branches:
Dungeon (3/15)

Altars:


Innate Abilities, Weirdness & Mutations

You cannot wear most types of armour.
You are amphibious.
You can wear up to eight rings at the same time.
Your skin changes colour to match your surroundings (Stealth+).
Your rubbery body absorbs attacks. (AC +1, EV +1)
((You are camouflaged when in or above water. (Stealth+)))
You have tentacles for arms and can constrict up to eight enemies at once.


Message History

You sense an unholy aura.
e - a +2 dagger of draining (weapon)
You hit the gnoll but do no damage. You drain the gnoll.
Your grab misses the gnoll.
You tentacle-slap the gnoll, but do no damage.
Your squeeze misses the gnoll.
The gnoll is moderately wounded.
The gnoll closely misses you.
You barely miss the gnoll. Your grab misses the gnoll. You squeeze the gnoll.
The gnoll is moderately wounded.
The gnoll hits you with a +0 flail.
* * * LOW HITPOINT WARNING * * *
You hit the gnoll. You grab the gnoll.
The gnoll is heavily wounded.
You constrict the gnoll. The gnoll closely misses you.
You hit the gnoll. Your squeeze misses the gnoll.
The gnoll is severely wounded.
You constrict the gnoll. The gnoll barely misses you.
You hit the gnoll.
You kill the gnoll!
You start resting.
HP restored.
You climb downwards.
The gnoll hits you with a +0 spear.
There is a stone staircase leading up, spattered with blood here.
You hit the gnoll. Your grab misses the gnoll. You squeeze the gnoll.
The gnoll is moderately wounded.
The gnoll barely misses you. The gnoll misses you.
You hit the gnoll but do no damage. Your grab misses the gnoll.
Your squeeze misses the gnoll.
The gnoll is moderately wounded.
The gnoll hits you with a +0 spear. The gnoll closely misses you.
You hit the gnoll but do no damage. You drain the gnoll. You grab the gnoll.
The gnoll is severely wounded.
You constrict the gnoll. The gnoll hits you with a +0 spear.
The gnoll hits you with a +0 flail!
You barely miss the gnoll. You grab the gnoll.
You constrict the gnoll, but do no damage.
You constrict the gnoll. The gnoll closely misses you.
The gnoll hits you with a +0 flail!
You die...

#.## #.# #.#
#.# ##.##
#.# #...#
#.#
###...###
#.#
#.......#
#>#
#..†....#
#.#####
#.......#
#.....#
###..@.##
#####.#
#..gg# #.#
####.# #.#
#.# #.# #.#
#<# #.## #.#
#..# ..#
#..........#
#.#........#


You could see 2 gnolls.

Vanquished Creatures
  2 adders (D:2)
  A gnoll (D:2)
  4 dart slugs
  4 ball pythons
  3 endoplasms
  A giant cockroach (D:1)
  4 goblins
  3 hobgoblins
  6 quokkas
  9 bats
  3 frilled lizards
  7 kobolds
  4 rats
51 creatures vanquished.

Notes
Turn   | Place    | Note
-------+----------+-------------------------------------------
     0 | D:1      | Ethylacetat the Octopode Cinder Acolyte began the quest for
                  | the Orb.
     0 | D:1      | Reached XP level 1. HP: 16/16 MP: 2/2
    59 | D:1      | Reached XP level 2. HP: 20/21 MP: 3/3
   282 | D:1      | Reached XP level 3. HP: 26/26 MP: 5/5
   611 | D:1      | Found a faded altar of an unknown god.
  1336 | D:2      | Reached XP level 4. HP: 32/33 MP: 6/6
  1994 | D:3      | Got Odaj's Basics of Wizarding
  2196 | D:3      | Slain by a gnoll

Illustrated notes

Levels and vault maps discovered:
D:1:      minmay_arrival_up_and_down, layout_basic,
          ebering_ecumenical_altar_mist, nrook_mini_vaults
D:2:      layout_basic, chequers_serial_rivers_room_b, minmay_misc_feat_five,
          minmay_misc_feat_diagonals
D:3:      layout_loops_ring, chequers_garden

Action                     |  1- 3 |  4- 6 || total
---------------------------+-------+-------++-------
  Melee: Falchion          |    39 |       ||    39
         Constrict         |    16 |     6 ||    22
         Tentacles         |     8 |     2 ||    10
         Punch             |     1 |     1 ||     2
         Dagger            |    54 |    16 ||    70
   Fire: Sling             |       |    23 ||    23
   Stab: Sleeping          |     5 |       ||     5
 Armour: Skin              |    11 |       ||    11
  Dodge: Dodged            |    59 |    22 ||    81

Table legend: (Time is in decaauts)
 A = Elapsed time spent in this place.
 B = Non-inter-level travel time spent in this place.
 C = Inter-level travel time spent in this place.
 D = Time resting spent in this place.
 E = Time spent auto-exploring this place.
 F = Levels seen in this place.
 G = Mean time per level.
                   A        B        C        D        E       F      G
               +--------+--------+--------+--------+--------+-----+--------+
         Total |   2201 |   2159 |     42 |    105 |   1720 |   3 |  733.7 |
       Dungeon |   2201 |   2159 |     42 |    105 |   1720 |   3 |  733.7 |
               +--------+--------+--------+--------+--------+-----+--------+

Top non-repeatable levels by time:
     D:2: 1348 daAuts
     D:1: 755 daAuts
     D:3: 98 daAuts
